[Event "Late-Titled-Tuesday-Blitz-September-26-2023"]
[Site "Chess.com"]
[Date "2023.09.26"]
[Round "8"]
[White "nitpicker"]
[Black "orestn"]
[Result "0-1"]
[WhiteElo "2245"]
[BlackElo "2416"]
[TimeControl "180+1"]
[EndTime "15:24:44 PDT"]
[Termination "orestn won on time"]

1. d4 d5 2. c4 e6 3. Nf3 Nf6 4. g3 dxc4 5. Bg2 Bd7 6. Ne5 Bc6 7. Nxc6 Nxc6 8. e3 Qd7 9. O-O O-O-O 10. Qe2 h5 11. h3 Nd5 12. Qxc4 f5 13. h4 g5 14. hxg5 h4 15. gxh4 Rxh4 16. f4 Nb6 17. Qe2 Bd6 18. Nd2 Rdh8 19. Nf3 R4h5 20. Bd2 Nd5 21. a3 Qh7 22.
Kf2 Qd7 23. Rh1 Rxh1 24. Rxh1 Rxh1 25. Bxh1 Nce7 26. Ne5 Bxe5 27. fxe5 c6 28. Bf3 Ng6 29. Bh5 Qh7 30. Bxg6 Qxg6 31. e4 fxe4 32. Qg4 Kd7 33. Kg3 e3 34. Be1 Qf5 35. Qxf5 exf5 36. g6 Ke6 37. Kh4 f4 38. Kg4 b6 39. Bh4 c5 0-1

[Event "Late-Titled-Tuesday-Blitz-September-26-2023"]
[Site "Chess.com"]
[Date "2023.09.26"]
[Round "8"]
[White "imdarealist"]
[Black "krzyzan94"]
[Result "0-1"]
[WhiteElo "2295"]
[BlackElo "2784"]
[TimeControl "180+1"]
[EndTime "15:24:45 PDT"]
[Termination "krzyzan94 won on time"]

1. d4 Nf6 2. Bf4 c5 3. e3 cxd4 4. exd4 d5 5. c3 Nc6 6. Bd3 Bg4 7. Qb3 Qd7 8. Nd2 e6 9. Ngf3 Bd6 10. Bxd6 Qxd6 11.
Qxb7 O-O 12. Qa6 Rab8 13. b4 Rb6 14. Qa4 e5 15. dxe5 Nxe5 16. Be2 Nxf3+ 17. gxf3 Bd7 18.
Qc2 Re8 19. Nb3 Nh5 20. O-O-O Nf4 21. Rhe1 Ba4 22. Bd3 Rxe1 23. Rxe1 g6 24. Qd2 Bxb3 25. axb3 d4 26. c4 Rxb4 27. Kb2 a5 28. Re4 Ne6 29.
Bc2 Kg7 30. f4 a4 31. f5 axb3 32. Bxb3 Rxb3+ 0-1

[Event "Late-Titled-Tuesday-Blitz-September-26-2023"]
[Site "Chess.com"]
[Date "2023.09.26"]
[Round "8"]
[White "KaydenTroffChess"]
[Black "kai_nov"]
[Result "1-0"]
[WhiteElo "2752"]
[BlackElo "2270"]
[TimeControl "180+1"]
[EndTime "15:24:45 PDT"]
[Termination "KaydenTroffChess won on time"]

1. d4 Nf6 2. c4 e6 3. Nf3 d5 4.
g3 Be7 5. Bg2 O-O 6. O-O dxc4 7.
a4 Nc6 8. Na3 Na5 9. Qc2 Nb3 10.
Ra2 Bxa3 11. Rxa3 Nxd4 12. Nxd4 Qxd4 13. Be3 Qe5 14. Qxc4 c6 15. Bd4 Qg5 16. h4 Qg6 17. Rd1 Ng4 18. Bc5 Re8 19. Be4 f5 20. Bg2 Kh8 21. Rd6 Nf6 22. Rad3 e5 23. a5 e4 24. Rd1 a6 25. Bb6 h6 26. e3 Kh7 27.
Bd4 Nd5 28. Rxg6 Kxg6 29. Bc5 Be6 30. Qc2 Rad8 31. g4 Kh7 32. Rd4 1-0

[Event "Late-Titled-Tuesday-Blitz-September-26-2023"]
[Site "Chess.com"]
[Date "2023.09.26"]
[Round "8"]
[White "fyall777"]
[Black "Sokoloco"]
[Result "1-0"]
[WhiteElo "2595"]
[BlackElo "2687"]
[TimeControl "180+1"]
[EndTime "15:24:46 PDT"]
[Termination "fyall777 won by checkmate"]

1. e4 d6 2. Nf3 g6 3. Nc3 Bg7 4. g3 Nf6 5. Bg2 e5 6. O-O O-O 7. d3 c6 8. Ne1 Bg4 9. f3 Be6 10. f4 Qb6+ 11. Kh1 exf4 12. gxf4 Bg4 13. Nf3 Nh5 14. Qe1 Nd7 15. f5 gxf5 16. Qh4 Nhf6 17.
Bh6 Bxh6 18. Qxh6 Qxb2 19. Ne2 Bxf3 20. Bxf3 Kh8 21. Ng3 Rg8 22. Nxf5 Qxc2 23. Nxd6 Rg7 24. e5 Ng8 25. Qf4 Rf8 26. Be4 Qb2 27. Rg1 Qxe5 28. Rxg7 Kxg7 29. Rg1+ Kh8 30. Nxf7+ Rxf7 31. Qxf7 Qe7 32.
Rxg8# 1-0

[Event "Late-Titled-Tuesday-Blitz-September-26-2023"]
[Site "Chess.com"]
[Date "2023.09.26"]
[Round "8"]
[White "elpatodice"]
[Black "bylavochka"]
[Result "0-1"]
[WhiteElo "2438"]
[BlackElo "2327"]
[TimeControl "180+1"]
[EndTime "15:24:48 PDT"]
[Termination "bylavochka won on time"]

1. e4 c5 2. Nf3 d6 3. d4 cxd4 4.
Nxd4 Nf6 5. Nc3 g6 6. Bg5 Bg7 7. Bb5+ Bd7 8. Qe2 O-O 9. O-O-O Qa5 10. Nb3 Qb6 11. Bxf6 Bxf6 12. Bxd7 Bxc3 13. Bb5 Bg7 14. h4 Nc6 15. h5 Rfc8 16. hxg6 hxg6 17. f4 Nb4 18. c3 Nxa2+ 19. Kb1 Nxc3+ 20. bxc3 Rxc3 21. Rh3 Rac8 22. Rdd3 Qg1+ 23. Rd1 Qb6 24. Rxc3 Rxc3 25. Ka2 a6 26. Ba4 Qb4 0-1

[Event "Late-Titled-Tuesday-Blitz-September-26-2023"]
[Site "Chess.com"]
[Date "2023.09.26"]
[Round "8"]
[White "RIPOL"]
[Black "victormago"]
[Result "1/2-1/2"]
[WhiteElo "2409"]
[BlackElo "2522"]
[TimeControl "180+1"]
[EndTime "15:24:49 PDT"]
[Termination "Game drawn by repetition"]

1. d4 Nf6 2. Bg5 g6 3. Bxf6 exf6 4. c4 Bg7 5. Nc3 O-O 6. g3 f5 7.
e3 d6 8. Bg2 Nd7 9. Nge2 Nf6 10. O-O Re8 11. Qd3 c6 12. b4 d5 13. cxd5 cxd5 14. Nf4 Be6 15. Qb5 Rb8 16. Nfxd5 Nxd5 17. Nxd5 a6 18. Qc5 Bf8 19. Qc4 Kg7 20. Rac1 Qd6 21.
Qc7 Red8 22. Qxd6 Bxd6 23. a3 Bxd5 24. Bxd5 Bxg3 25. hxg3 Rxd5 26. Rc7 a5 27. Rfc1 axb4 28. axb4 Rb5 29. Rd7 Rxb4 30. Rcc7 Rf8 31. Rxb7 Rxb7 32.
Rxb7 h5 33. Kg2 Rd8 34. Kf3 Kf6 35. Rb6+ Kg5 36. Rb7 Kf6 37. Rb6+ Kg5 38. Rb7 Kf6 1/2-1/2

[Event "Late-Titled-Tuesday-Blitz-September-26-2023"]
[Site "Chess.com"]
[Date "2023.09.26"]
[Round "8"]
[White "KorolDimitriy75"]
[Black "canary2016"]
[Result "1-0"]
[WhiteElo "2363"]
[BlackElo "2114"]
[TimeControl "180+1"]
[EndTime "15:24:49 PDT"]
[Termination "KorolDimitriy75 won on time"]

1. d4 Nf6 2. c4 e6 3. Nc3 Bb4 4.
Qc2 O-O 5. e4 d5 6. cxd5 exd5 7.
e5 Ne4 8. Bd3 Bf5 9. Ne2 Nxc3 10. bxc3 Bxd3 11. Qxd3 Be7 12. O-O c5 13. f4 Nc6 14. f5 Re8 15. Qg3 Bf8 16. Bg5 Qb6 17.
Rab1 Qa6 18. Rf2 b6 19. Rbf1 cxd4 20. cxd4 Nb4 21. Nf4 Rac8 22. Nh5 Kh8 23. Nf6 Nd3 24. Rf3 Nb2 25. Qh4 h6 26. Rg3 Qa4 27. Bxh6 1-0

[Event "Late-Titled-Tuesday-Blitz-September-26-2023"]
[Site "Chess.com"]
[Date "2023.09.26"]
[Round "8"]
[White "Smiechu"]
[Black "djano"]
[Result "1-0"]
[WhiteElo "2549"]
[BlackElo "2641"]
[TimeControl "180+1"]
[EndTime "15:24:54 PDT"]
[Termination "Smiechu won by resignation"]

1. e4 c5 2. Nf3 Nc6 3. d4 cxd4 4.
Nxd4 g6 5. Nc3 Bg7 6. Be3 Nf6 7.
Bc4 O-O 8. Bb3 Re8 9. O-O d6 10. h3 Na5 11. Qe2 b6 12. Rad1 Nxb3 13. axb3 Qc7 14. Nd5 Nxd5 15. exd5 Bb7 16. c4 e6 17. Nb5 Qd7 18. dxe6 Rxe6 19. Qd2 Qc6 20. f3 Rae8 21. Nd4 Bxd4 22. Bxd4 f6 23. Rde1 d5 24. Rxe6 Qxe6 25. Bf2 dxc4 26. Re1 Qf7 27. Rxe8+ Qxe8 28. bxc4 Qe6 29.
b4 Kf7 30. c5 bxc5 31. bxc5 Qd5 32. Qa5 a6 33. Qc7+ Kg8 34. Qe7 Qf7 35. Qd8+ Kg7 36. Bd4 g5 37. Qd6 Kg6 38. c6 Bc8 39. Qd8 Qe6 40.
c7 Qd7 41. Qxf6+ Kh5 42. Be3 Qd5 43. g4+ Kh4 44. Bf2+ 1-0

[Event "Late-Titled-Tuesday-Blitz-September-26-2023"]
[Site "Chess.com"]
[Date "2023.09.26"]
[Round "8"]
[White "dropstoneDP"]
[Black "Zhigalko_Sergei"]
[Result "1-0"]
[WhiteElo "3116"]
[BlackElo "2917"]
[TimeControl "180+1"]
[EndTime "15:24:55 PDT"]
[Termination "dropstoneDP won on time"]

1. e4 c5 2. Nf3 Nc6 3. Bb5 Nf6 4. Nc3 Qc7 5. d3 d6 6. O-O e6 7. Bf4 Bd7 8. Re1 Nh5 9. Bg5 h6 10. Be3 Be7 11. d4 cxd4 12. Nxd4 Nf6 13. Be2 a6 14. Qd2 O-O 15. Rad1 b5 16. a3 Ne5 17. f3 Rfc8 18.
Kh1 Rab8 19. f4 Nc4 20. Bxc4 Qxc4 21. e5 dxe5 22. fxe5 Nd5 23. Nf5 Bf8 24. Nxd5 exd5 25. Nd4 a5 26. Rf1 Bg4 27. Rde1 b4 28. axb4 Qxb4 29.
Qf2 Rb7 30. h3 Be6 31. Qg3 Qxb2 32. Nxe6 fxe6 33. Qg6 Qxc2 34. Qxe6+ Kh7 35. Rc1 Qxc1 36. Bxc1 1-0

[Event "Late-Titled-Tuesday-Blitz-September-26-2023"]
[Site "Chess.com"]
[Date "2023.09.26"]
[Round "8"]
[White "GianmarcoVaR"]
[Black "IlanSchnaider"]
[Result "1-0"]
[WhiteElo "2627"]
[BlackElo "2801"]
[TimeControl "180+1"]
[EndTime "15:24:55 PDT"]
[Termination "GianmarcoVaR won on time"]

1. Nf3 Nf6 2. g3 g6 3. Bg2 Bg7 4. O-O O-O 5. c4 Nc6 6. d4 d5 7.
Nc3 dxc4 8. h3 Nd5 9. e4 Nb6 10.
Be3 e6 11. Qd2 e5 12. d5 Ne7 13. Bc5 Re8 14. Qe2 h6 15. a4 f5 16. Rfd1 Kh7 17.
Nh4 f4 18. a5 Nd7 19. Ba3 Nf6 20. Qxc4 g5 21. Nf3 Ng6 22. g4 Kh8 23. Nb5 Bd7 24.
Nxc7 Rc8 25. d6 Rg8 26. Qf7 Kh7 27. Ne6 Bxe6 28. Qxe6 Re8 29. Qf5 Rc6 30. d7 Rg8 31. Nxe5 Nxd7 32. Rxd7 1-0

[Event "Late-Titled-Tuesday-Blitz-September-26-2023"]
[Site "Chess.com"]
[Date "2023.09.26"]
[Round "8"]
[White "hansen"]
[Black "Andrej2004"]
[Result "1-0"]
[WhiteElo "2901"]
[BlackElo "2578"]
[TimeControl "180+1"]
[EndTime "15:24:57 PDT"]
[Termination "hansen won by resignation"]

1. e4 e5 2. Nf3 Nc6 3. Bb5 a6 4. Ba4 Nge7 5. O-O g6 6. c3 Bg7 7. d4 exd4 8. cxd4 b5 9. Bb3 O-O 10. d5 Na5 11. Bd2 Nxb3 12. Qxb3 d6 13. Bc3 c5 14. a4 Rb8 15. axb5 axb5 16. Bxg7 Kxg7 17. Nbd2 Ng8 18. Ra7 Nf6 19. Rfa1 Bb7 20. Qc3 Kg8 21. Ne1 Re8 22. f3 Nd7 23. Nd3 Qf6 24. Qxf6 Nxf6 25.
b4 c4 26. Nc1 Nxd5 27. exd5 Bxd5 28. Kf2 Re6 29. Ne2 Rbe8 30. Nc3 Bc6 31. Nf1 d5 32. Rd1 Rd6 33. Rd4 Rde6 34. h4 Re1 35. Rc7 Rc1 36.
Ne2 Rc2 37. Rd2 Rxd2 38. Nxd2 Ba8 39. Nd4 Kg7 40. Nxb5 Rb8 41. Nd6 Rxb4 42. Rxf7+ Kg8 43. Rc7 Ra4 44. Ke3 Ra3+ 45. Kf4 Rd3 46. Kg5 Rxd2 47. Kf6 Bb7 48. Rxb7 1-0

[Event "Late-Titled-Tuesday-Blitz-September-26-2023"]
[Site "Chess.com"]
[Date "2023.09.26"]
[Round "8"]
[White "Alexei_Gubajdullin"]
[Black "Oleksandr_Bortnyk"]
[Result "0-1"]
[WhiteElo "2729"]
[BlackElo "3017"]
[TimeControl "180+1"]
[EndTime "15:25:00 PDT"]
[Termination "Oleksandr_Bortnyk won by resignation"]

1. d4 d6 2. Nf3 Nf6 3. Bf4 b6 4. h3 Bb7 5. e3 Nbd7 6. Be2 e6 7. O-O Be7 8. a4 a5 9. Nc3 h6 10. Nb5 g5 11. Bh2 g4 12. hxg4 Nxg4 13. Bf4 Rg8 14.
c4 e5 15. Bh2 Nxh2 16. Kxh2 Nf6 17. d5 Ng4+ 18. Kg1 f5 19. Nh2 h5 20. e4 Bc8 21. exf5 Bxf5 22. Nxg4 hxg4 23. Bd3 e4 24. Nd4 Qd7 25. Be2 Bf6 26. c5 Qh7 27. Bb5+ Kf7 28. Re1 Rh8 29. Kf1 bxc5 30. Ne6 Qh1+ 31. Ke2 Qxg2 32. Ra3 g3 33. Rxg3 Bg4+ 34. Kd2 Qxf2+ 35. Be2 Bxe2 36. Qxe2 Qxg3 37. Qxe4 Rh2+ 38. Kd1 Qb3+ 0-1

[Event "Late-Titled-Tuesday-Blitz-September-26-2023"]
[Site "Chess.com"]
[Date "2023.09.26"]
[Round "8"]
[White "Mikhail_Bryakin"]
[Black "Goryachkina"]
[Result "0-1"]
[WhiteElo "2842"]
[BlackElo "2681"]
[TimeControl "180+1"]
[EndTime "15:25:01 PDT"]
[Termination "Goryachkina won by resignation"]

1. e4 c6 2. d4 d5 3. f3 e6 4.
Nc3 Bb4 5. Bd2 Ne7 6. a3 Ba5 7. Na4 O-O 8. Ne2 dxe4 9. fxe4 e5 10. Bxa5 Qxa5+ 11. Nac3 exd4 12. Qxd4 Rd8 13. Qe3 Ng6 14. Ng3 Be6 15. Be2 Nd7 16. O-O Qb6 17. Qxb6 axb6 18. Kf2 Nde5 19. Ke3 b5 20. Rad1 Bc4 21. Bd3 Ng4+ 22.
Ke2 Nxh2 23. Rf5 Ng4 24. Bxc4 bxc4 25. Rxd8+ Rxd8 26. Ra5 N6e5 27. Ra7 b5 28. Nf5 g6 29. Nh4 Kg7 30. Rb7 Rd7 31. Rb6 h5 32. a4 bxa4 33. Nxa4 Ra7 34. Nc3 Ra1 35. Nf3 Rc1 36. Kd2 Rf1 37.
Nxe5 Nxe5 38. Ke3 Rg1 39. Kf2 Rc1 40. Ne2 Rxc2 41. Ke3 Ng4+ 42. Kf3 Rd2 43. Rxc6 Ne5+ 44. Ke3 Rd3+ 45. Kf4 Nxc6 0-1

[Event "Late-Titled-Tuesday-Blitz-September-26-2023"]
[Site "Chess.com"]
[Date "2023.09.26"]
[Round "8"]
[White "valemava"]
[Black "Alphafischer2019"]
[Result "0-1"]
[WhiteElo "2402"]
[BlackElo "2587"]
[TimeControl "180+1"]
[EndTime "15:25:02 PDT"]
[Termination "Alphafischer2019 won by checkmate"]

1. Nf3 Nf6 2. c4 b6 3. b3 Bb7 4.
Bb2 g6 5. d3 Bg7 6. e4 d6 7.
Be2 O-O 8. O-O e5 9. b4 a5 10. a3 axb4 11. axb4 Rxa1 12. Bxa1 Nc6 13. Bc3 Nh5 14.
b5 Nb8 15. Bd2 Nd7 16. Nc3 Nf4 17. Bxf4 exf4 18. d4 g5 19. h3 h6 20. Bd3 Re8 21.
Re1 Qa8 22. Qc2 Nf8 23. Nd5 Ne6 24. e5 dxe5 25. dxe5 Bxd5 26. cxd5 Qxd5 27. Bh7+ Kf8 28. Rd1 Qc5 29. Qf5 Qe7 30. Nh2 Rd8 31. Re1 Nd4 32.
Qe4 Qb4 33. Ng4 Qxb5 34. Nf6 Qc6 35. Qxc6 Nxc6 36. Ng4 Nd4 37. Kf1 c5 38. Bd3 b5 39.
Rb1 c4 40. Be4 Ke7 41. h4 Rb8 42. hxg5 hxg5 43. g3 b4 44. gxf4 gxf4 45. Bd5 c3 46. Be4 b3 47. Ke1 c2 48. Bxc2 bxc2 49. Rc1 Rb1 50. Kd2 Nb3+ 51. Kxc2 Rxc1+ 52. Kxb3 Rg1 53. f3 Rxg4 54. fxg4 f3 55. Kc3 f2 56. Kd2 f1=Q 57. Ke3 Bxe5 58. Ke4 Qf4+ 59. Kd3 Qd4+ 60. Ke2 Qc3 61. g5 Bd4 62. g6 Qe3+ 63. Kd1 Qf2 64. gxf7 Bc3 65. f8=Q+ Kxf8 66. Kc1 Qd2+ 67. Kb1 Qb2# 0-1

[Event "Late-Titled-Tuesday-Blitz-September-26-2023"]
[Site "Chess.com"]
[Date "2023.09.26"]
[Round "8"]
[White "dadice10"]
[Black "Rainbow2014"]
[Result "0-1"]
[WhiteElo "2238"]
[BlackElo "2417"]
[TimeControl "180+1"]
[EndTime "15:25:02 PDT"]
[Termination "Rainbow2014 won on time"]

1. e4 c5 2. Nc3 d6 3. f4 a6 4. a4 Nf6 5. Nf3 Bg4 6. Bc4 e6 7. O-O Nc6 8. d3 Nd4 9. Be3 Nxf3+ 10. gxf3 Bh3 11. Rf2 Be7 12. Kh1 Nh5 13. Qg1 Bh4 14.
Rd2 Qf6 15. e5 dxe5 16. Ne4 Qg6 17. Bxc5 Nxf4 18. Qxg6 hxg6 19. Nd6+ Kf8 20. Nxb7+ Be7 21. Bxe7+ Kxe7 22. Na5 g5 23. Re1 g4 24. Nc6+ Kf6 25.
Nxe5 gxf3 26. Nxf3 Rh5 27. Re4 g5 28. Rf2 Bf5 29. Rd4 Nh3 30. Rf1 Rah8 31. Rd6 g4 32. Nd4 Ng5 33. Nxf5 Rxh2+ 34. Kg1 Rh1+ 35. Kf2 R8h2+ 36.
Kg3 Rxf1 37. Kxh2 Kxf5 38. Rxa6 Nf3+ 39. Kg2 Rg1+ 40. Kf2 Rc1 41. Bb3 Kf4 42. Ra7 g3+ 43. Kg2 Nh4+ 0-1

[Event "Late-Titled-Tuesday-Blitz-September-26-2023"]
[Site "Chess.com"]
[Date "2023.09.26"]
[Round "8"]
[White "sergeikim"]
[Black "wild3000"]
[Result "1-0"]
[WhiteElo "2605"]
[BlackElo "2357"]
[TimeControl "180+1"]
[EndTime "15:25:06 PDT"]
[Termination "sergeikim won on time"]

1. d4 Nf6 2. c4 e6 3. Nc3 d5 4.
Nf3 Be7 5. Bf4 O-O 6. e3 c6 7. c5 Nbd7 8. h3 a5 9. a3 Re8 10. Be2 Ne4 11. Nxe4 dxe4 12. Nd2 Nf6 13. b4 Nd5 14.
Nxe4 axb4 15. axb4 Rxa1 16. Qxa1 Nxb4 17. O-O Nd5 18.
Bd6 Bh4 19. Bh2 f5 20. Nd6 Rf8 21. Bc4 f4 22. Bxd5 fxe3 23. Bf3 Bxf2+ 24. Rxf2 exf2+ 25. Kxf2 Qg5 26. Be5 Qd2+ 27. Kg1 Qe3+ 28. Kh1 Rxf3 29. gxf3 Qxf3+ 30. Kg1 Qe3+ 31. Kf1 Qxh3+ 32. Ke2 Qg2+ 33. Kd3 Qf3+ 34. Kc4 Qe2+ 35. Kb3 Qd3+ 36. Qc3 Qb1+ 37. Ka3 Bd7 38. Qb3 Qc1+ 39. Ka4 Qa1+ 40. Qa3 b5+ 41.
Kb4 Qe1+ 42. Qc3 Qb1+ 43. Ka5 Qa2+ 44. Kb6 Qa8 45. Qf3 Qb8+ 46. Nb7 Qf8 47. Qg3 1-0

[Event "Late-Titled-Tuesday-Blitz-September-26-2023"]
[Site "Chess.com"]
[Date "2023.09.26"]
[Round "8"]
[White "dretch"]
[Black "jk13"]
[Result "1-0"]
[WhiteElo "2846"]
[BlackElo "2622"]
[TimeControl "180+1"]
[EndTime "15:25:08 PDT"]
[Termination "dretch won by resignation"]

1. d4 Nf6 2. c4 e6 3. Nf3 Bb4+ 4. Nbd2 O-O 5. a3 Be7 6. e3 d5 7. Bd3 c5 8. O-O cxd4 9. exd4 dxc4 10. Nxc4 b6 11.
Re1 Bb7 12. Nce5 Nc6 13. Bf4 Rc8 14. Qe2 Nxd4 15. Nxd4 Qxd4 16. Bg3 Qd5 17. Qf1 Rfd8 18. Rad1 Qb3 19. Qe2 Qd5 20. Bxh7+ Nxh7 21. Rxd5 Bxd5 22.
h4 Rc5 23. Qh5 Rf8 24. Qd1 Rfc8 25. Qa4 a5 26. Qd7 R5c7 27. Qb5 Rb7 28. h5 Nf6 29. Bh4 Nxh5 30. Bxe7 Rxe7 31. Qxb6 Rb7 32. Qa6 Rcb8 33. Nd3 Rb5 34. Rc1 R8b6 35. Qc8+ Kh7 36. Qe8 Rb7 37. Rc8 Nf6 38. Qh8+ Kg6 39. Qh4 Be4 40. Nf4+ Kf5 41. Nh3 Ke5 42. f3 Bf5 43. Qf4+ Kd5 44. Nf2 Rxb2 45. g4 Bb1 46. Rd8+ Nd7 47. Qxf7 Bc2 48. Rxd7+ 1-0

[Event "Late-Titled-Tuesday-Blitz-September-26-2023"]
[Site "Chess.com"]
[Date "2023.09.26"]
[Round "8"]
[White "Berardino"]
[Black "Rital44"]
[Result "1-0"]
[WhiteElo "2639"]
[BlackElo "2514"]
[TimeControl "180+1"]
[EndTime "15:25:08 PDT"]
[Termination "Berardino won by resignation"]

1. e4 e5 2. Nf3 Nc6 3. Bc4 Nf6 4. d3 Bc5 5. O-O a6 6. c3 Ba7 7.
a4 d6 8. Re1 h6 9. Nbd2 O-O 10.
h3 Re8 11. b4 Ne7 12. Nf1 Ng6 13. Ng3 Be6 14. Bxe6 fxe6 15. Be3 Bxe3 16. Rxe3 d5 17. Qb3 Qd6 18. Rae1 Rad8 19. d4 dxe4 20. Nxe4 Qd5 21.
Nxf6+ gxf6 22. Qb1 Kf7 23. dxe5 f5 24. Nd4 Rg8 25.
Rg3 Nh4 26. Qc2 Rxg3 27. fxg3 Ng6 28. Nxf5 exf5 29. Qxf5+ Kg7 30. Qf6+ Kh7 31. e6 Rg8 32. e7 Qd7 33. Qf7+ Rg7 34. Qxg7+ Kxg7 35. e8=Q Qxe8 36.
Rxe8 Ne5 37. Rxe5 Kf6 38. Re4 1-0

[Event "Late-Titled-Tuesday-Blitz-September-26-2023"]
[Site "Chess.com"]
[Date "2023.09.26"]
[Round "8"]
[White "Chessdreamer2020"]
[Black "MeisterJabo"]
[Result "1-0"]
[WhiteElo "2514"]
[BlackElo "2309"]
[TimeControl "180+1"]
[EndTime "15:25:08 PDT"]
[Termination "Chessdreamer2020 won on time"]

1. e4 e5 2. Nf3 Nc6 3. Be2 Nf6 4. d3 Bc5 5. O-O O-O 6. Nbd2 d5 7. c3 a5 8. Qc2 d4 9. cxd4 Bxd4 10. Nc4 Qe7 11. Be3 a4 12. Bxd4 exd4 13. h3 Be6 14. a3 b5 15. Ncd2 Qd7 16. Rac1 Na5 17. Qxc7 Qxc7 18.
Rxc7 Rfd8 19. Rfc1 Nb3 20. Nxb3 axb3 21. Ne5 b4 22. axb4 Ra2 23. Rb1 Nd7 24. Nc6 Rda8 25. Nxd4 Nb6 26. Bd1 Ra1 27. Rcc1 Rxb1 28. Rxb1 Rd8 29.
Nxe6 fxe6 30. Bxb3 Rxd3 31. Bxe6+ Kf8 32. f3 Ke7 33. Bg8 h6 34. Ra1 Rd2 35. b3 Nd7 36. Ra7 Kd6 37. b5 g5 38. Bd5 Rc2 39. Ra6+ Kc7 40.
Rxh6 Ne5 41. b6+ Kd7 42. Rh7+ Kc8 43. Rh8+ Kd7 44. b7 1-0

[Event "Late-Titled-Tuesday-Blitz-September-26-2023"]
[Site "Chess.com"]
[Date "2023.09.26"]
[Round "8"]
[White "QuintilianoR"]
[Black "Fan_Of_Chucky"]
[Result "1-0"]
[WhiteElo "2669"]
[BlackElo "2516"]
[TimeControl "180+1"]
[EndTime "15:25:09 PDT"]
[Termination "QuintilianoR won on time"]

1. e4 c5 2. Nf3 a6 3. c4 e6 4.
d4 cxd4 5. Nxd4 Nf6 6. Nc3 Qc7 7. a3 b6 8. Be2 Bb7 9. f3 Be7 10. Be3 d6 11. O-O O-O 12. Rc1 Nc6 13. Nd5 Qd8 14. Nxc6 Bxc6 15. Bxb6 Qd7 16. Nxe7+ Qxe7 17. Bd4 Rfc8 18. b4 Bb7 19. Qb3 d5 20. exd5 exd5 21. Rfe1 dxc4 22. Bxc4 Qd6 23. Bxf7+ Kh8 24. Bc5 Qd2 25.
Rcd1 Qg5 26. Bc4 a5 27. Bf1 axb4 28. axb4 Bd5 29. Qe3 Qh5 30. Qe5 Qf7 31. Qf4 Qg6 32. Re5 Bc6 33. Bd3 Qf7 34. Re7 Qh5 35. Bd4 Rf8 36. Qg3 Qh6 37. Be3 Qh5 38. Re5 Qf7 39.
Bc5 Rfe8 40. Rxe8+ Rxe8 41. Re1 Rxe1+ 42. Qxe1 Qd5 43. Bf1 h5 44. Qc3 Nd7 45. Bd4 Qf7 46. Qxc6 1-0

[Event "Late-Titled-Tuesday-Blitz-September-26-2023"]
[Site "Chess.com"]
[Date "2023.09.26"]
[Round "8"]
[White "AsaHoffmann"]
[Black "Zavgorodniy_Sergiy"]
[Result "0-1"]
[WhiteElo "2399"]
[BlackElo "2579"]
[TimeControl "180+1"]
[EndTime "15:25:13 PDT"]
[Termination "Zavgorodniy_Sergiy won by resignation"]

1. d4 c5 2. dxc5 e5 3. Nc3 Bxc5 4. Ne4 Nf6 5. Nxc5 Qa5+ 6. c3 Qxc5 7. Be3 Qa5 8. Nf3 Nc6 9. Qd6 Ne4 10. Qd3 d5 11. Nd2 Bf5 12. Nb3 Qd8 13. Qd1 O-O 14. g3 a5 15. Bg2 a4 16. Nc1 a3 17. bxa3 Nxc3 18. Qb3 d4 19. Bd2 Ne4 20. Bb4 Nxb4 21. axb4 Qb6 22.
Bxe4 Bxe4 23. O-O Rfd8 24. Nd3 Bd5 25. Qb2 f6 26. a4 Qe6 27. f3 b6 28. a5 bxa5 29. bxa5 Rdb8 30. Qd2 Rb5 31. Rfb1 Rxb1+ 32. Rxb1 h5 33. Rb6 Qe8 34. Qb4 Kh7 35. a6 e4 36.
Nf4 exf3 37. Nxd5 Qxe2 38. Qb1+ d3 39. Qf1 d2 40. Rb1 Rxa6 41. Nf4 Qe3+ 42. Qf2 Qe4 43.
Rd1 Rd6 44. h4 Qc2 45. Qxf3 g6 46. g4 hxg4 47. Qxg4 f5 48. Qg3 Qxd1+ 49. Kh2 Qe1 50. Ng2 Qxg3+ 51. Kxg3 d1=Q 0-1

[Event "Late-Titled-Tuesday-Blitz-September-26-2023"]
[Site "Chess.com"]
[Date "2023.09.26"]
[Round "8"]
[White "jaskol95"]
[Black "nihalsarin"]
[Result "0-1"]
[WhiteElo "2629"]
[BlackElo "3067"]
[TimeControl "180+1"]
[EndTime "15:25:14 PDT"]
[Termination "nihalsarin won by checkmate"]

1. d4 a6 2. e4 c6 3. Nc3 d5 4. exd5 cxd5 5. Nf3 Nc6 6. Bf4 Bg4 7. Be2 e6 8. h3 Bh5 9. O-O Bd6 10. Ne5 Bxe2 11. Nxe2 Nge7 12. c3 O-O 13. Re1 Rc8 14. Nxc6 Rxc6 15.
Qd2 b5 16. a4 Nf5 17. axb5 axb5 18. Ra7 b4 19. cxb4 Qb6 20. Bxd6 Nxd6 21. Rea1 Ne4 22. Qf4 Qxb4 23. R1a2 Qe1+ 24. Kh2 g5 25. Qe3 Qxf2 26. Qxf2 Nxf2 27. b4 Rb6 28. Rb2 Nd3 29. Rb3 Nxb4 30. Ng3 Kg7 31. h4 gxh4 32. Nh5+ Kg6 33. Nf4+ Kf5 34. Nd3 Nc6 35. Rxb6 Nxa7 36. Kh3 Ke4 37. Nf2+ Kxd4 38. Kxh4 Rc8 39. Rb7 Rc2 40. Nh3 Nc6 41.
Rxf7 Rxg2 42. Rxh7 e5 43. Rh6 Nb4 44. Rb6 Nd3 45. Ng5 e4 46. Ne6+ Ke5 47. Ng5 e3 48. Re6+ Kf5 49. Rxe3 Rg4+ 50. Kh3 Nf4+ 51. Kh2 d4 52. Ra3 Rxg5 53. Ra5+ Kg4 54. Ra4 d3 55. Rd4 Kf3 56. Kh1 Rh5+ 57. Kg1 Ne2+ 58. Kf1 Rh1# 0-1

[Event "Late-Titled-Tuesday-Blitz-September-26-2023"]
[Site "Chess.com"]
[Date "2023.09.26"]
[Round "8"]
[White "2k28Lakers"]
[Black "Byniolus"]
[Result "0-1"]
[WhiteElo "2560"]
[BlackElo "2769"]
[TimeControl "180+1"]
[EndTime "15:25:14 PDT"]
[Termination "Byniolus won by checkmate"]

1. e4 a6 2. d4 b5 3. Nf3 Bb7 4.
Bd3 e6 5. O-O Nf6 6. Nbd2 c5 7.
c3 Be7 8. Re1 d5 9. e5 Nfd7 10.
Nf1 Nc6 11. Ng3 b4 12. Qe2 bxc3 13. bxc3 cxd4 14. cxd4 Nb4 15. Bb1 a5 16. a3 Ba6 17.
Qe3 Nc6 18. Qf4 g6 19. h4 h5 20. Ne4 dxe4 21. Bxe4 Rc8 22. d5 Nc5 23. d6 Nxe4 24.
dxe7 Nxe7 25. Qxe4 Qd5 26. Qf4 Nf5 27. Bd2 O-O 28. Rad1 Rfd8 29. Ng5 Bb7 30. Ne4 Kg7 31. Kh2 Rc4 32. f3 Rd4 33. Qg5 Rd3 34. Qf6+ Kg8 35. Rc1 Rxd2 36. Nxd2 Qxd2 37. Rc7 Rd7 38. Rec1 Bxf3 39.
Rc8+ Kh7 40. Rg8 Qxg2# 0-1

[Event "Late-Titled-Tuesday-Blitz-September-26-2023"]
[Site "Chess.com"]
[Date "2023.09.26"]
[Round "8"]
[White "bazar-wokzal"]
[Black "DefiantChair"]
[Result "1-0"]
[WhiteElo "2676"]
[BlackElo "2543"]
[TimeControl "180+1"]
[EndTime "15:25:14 PDT"]
[Termination "bazar-wokzal won by resignation"]

1. e4 c5 2. c3 Nf6 3. e5 Nd5 4. d4 cxd4 5. cxd4 Nc6 6. Nc3 Nxc3 7. bxc3 d5 8. Bd3 e6 9. Qg4 Bd7 10. Nf3 h6 11. O-O a6 12. a4 Qc7 13. Ba3 Na5 14. Bb4 Nc6 15. Bd6 Bxd6 16. Qxg7 O-O-O 17. exd6 Qxd6 18. Qxf7 h5 19. Nh4 Rdf8 20. Qg7 Rhg8 21. Qh6 Qe7 22. Ng6 Qf6 23. f4 Kb8 24. Qxh5 Be8 25. f5 e5 26. dxe5 Nxe5 27. Qe2 Qb6+ 28. Kh1 Nxg6 29. fxg6 Rxf1+ 30. Rxf1 Qc7 31. Qg4 Rh8 32. h3 Bd7 33. Bf5 Bxa4 34. Be6 Qg7 35. Rf7 Qxc3 36. g7 Rd8 37. g8=Q Qa1+ 38. Kh2 Qe5+ 39. Qg3 1-0

[Event "Late-Titled-Tuesday-Blitz-September-26-2023"]
[Site "Chess.com"]
[Date "2023.09.26"]
[Round "8"]
[White "Djager97"]
[Black "GaiozNigalidze"]
[Result "0-1"]
[WhiteElo "2584"]
[BlackElo "2732"]
[TimeControl "180+1"]
[EndTime "15:25:15 PDT"]
[Termination "GaiozNigalidze won by resignation"]

1. e4 c5 2. Nf3 d6 3. d4 cxd4 4. Nxd4 Nf6 5. Nc3 a6 6. Bg5 e6 7. Qe2 h6 8. Bh4 Nbd7 9. O-O-O Qc7 10. f4 Be7 11. g4 g5 12. fxg5 Nh7 13. Kb1 hxg5 14.
Bg3 Ne5 15. Bg2 Nf6 16. h4 gxh4 17. Bxh4 Bd7 18. g5 Ng8 19. Bg3 Rxh1 20. Bxh1 O-O-O 21. Bf4 Bf8 22. Nf3 Nc4 23. Rd4 Nb6 24. Be3 Bc6 25.
Rb4 Nd7 26. Nd4 d5 27. Nxc6 Bxb4 28. Nxb4 Qd6 29. Nbxd5 exd5 30. exd5 Re8 31. Qd2 Qe5 32. Bf2 Ne7 33. a3 Nf5 34. Ka2 Nd6 35. Qd3 Qf5 36. Qd4 Kc7 37. Qc4+ Nxc4 0-1